Map: Blackpink LE

Players

LiquidSnute (Snute) - Winner!

  • Race: Zerg Zerg
  • League: Master
  • Spawn Location: 7:00

Zanster

  • Race: Zerg Zerg
  • League: Master
  • Spawn Location: 1:00

Event: HomeStory Cup XVI

VOD

Have the link to the VOD?

Description

Time

  • Played on: Nov. 9, 2017, 11:38 a.m.
  • Length: 7:13

All games in this series

Show
View Real Time Build Order
Export as new Build Order

LiquidSnute Zerg - Winner!

Build Orders: 3 Hatch before Pool 

Get SALT Encoding   

  12  0:00  Drone  
  13  0:12  Overlord  
  13  0:17  Drone  
  14  0:30  Drone x2  
  14  0:34  Drone  
  17  0:51  Hatchery  
  17  0:55  Drone  
  17  0:58  Drone  
  18  1:18  Hatchery  
  18  1:21  Drone  
  18  1:23  Extractor  
  17  1:35  Spawning Pool  
  17  1:39  Drone  
  17  1:42  Drone  
  17  1:45  Drone  
  19  1:50  Drone  
  20  2:01  Drone  
  21  2:03  Drone  
  22  2:11  Drone  
  22  2:14  Drone  
  24  2:22  Queen  
  26  2:23  Queen  
  26  2:28  Metabolic Boost  
  28  2:35  Queen  
  30  2:38  Zergling x2  
  30  2:40  Zergling x2  
  30  2:43  Zergling x2  
  33  2:48  Baneling Nest  
  32  2:52  Overlord  
  32  2:55  Drone  
  32  2:57  Drone  
  34  3:02  Overlord  
  34  3:11  Drone x3  
  35  3:14  Drone  
  35  3:15  Drone  
  35  3:17  Drone  
  38  3:25  Zergling x6  
  41  3:27  Zergling x2  
  41  3:28  Zergling x2  
  41  3:32  Baneling x2  
  43  3:35  Zergling x4  
  43  3:37  Drone  
  43  3:38  Drone  
  43  3:39  Drone  
  48  3:45  Roach Warren  
  47  3:51  Extractor  
  47  3:53  Drone x3  
  47  3:54  Drone  
  50  3:57  Overlord  
  50  4:01  Overlord  
  50  4:07  Overlord  
  47  4:28  Roach x8  
  62  4:33  Roach  
  62  4:34  Overlord  
  64  4:43  Roach  
  64  4:44  Roach  
  68  4:46  Roach  
  68  4:47  Zergling x8  
  68  4:52  Overlord  
  73  4:56  Overlord  
  73  5:09  Overlord  
  73  5:10  Zergling x2  
  73  5:11  Zergling x8  
  78  5:18  Zergling x2  
  78  5:19  Zergling x4  
  81  5:24  Zergling x4  
  81  5:26  Ravager x2  
  81  5:28  Baneling x3  
  85  5:34  Baneling  
  85  5:36  Zergling x18  
  85  5:37  Zergling x2  
  94  5:46  Zergling x6  
  86  5:54  Baneling x2  
  86  5:55  Baneling x2  
  85  6:04  Zergling x20  
Show
View Real Time Build Order
Export as new Build Order

Zanster Zerg 

Build Orders: Hatch First 

Get SALT Encoding   

  12  0:01  Drone  
  13  0:12  Overlord  
  13  0:16  Drone  
  14  0:30  Drone  
  14  0:31  Drone  
  14  0:34  Drone  
  17  0:52  Hatchery  
  17  0:55  Drone  
  17  0:57  Drone  
  18  1:09  Extractor  
  17  1:13  Spawning Pool  
  17  1:15  Drone  
  17  1:20  Drone  
  18  1:28  Drone  
  19  1:39  Drone  
  20  1:50  Overlord  
  20  2:01  Queen  
  20  2:04  Queen  
  20  2:05  Zergling x4  
  26  2:10  Metabolic Boost  
  26  2:11  Zergling x2  
  26  2:15  Drone  
  28  2:22  Drone  
  29  2:25  Drone  
  30  2:32  Drone  
  30  2:36  Drone  
  32  2:41  Queen  
  34  2:47  Hatchery  
  34  2:51  Drone  
  34  2:53  Overlord  
  34  2:56  Zergling x2  
  35  2:59  Zergling x2  
  33  3:15  Drone x7  
  42  3:27  Baneling Nest  
  42  3:30  Queen  
  42  3:32  Overlord  
  41  3:35  Zergling x4  
  43  3:52  Drone x4  
  43  3:53  Drone x5  
  52  3:56  Overlord  
  52  4:01  Zergling x2  
  53  4:08  Extractor  
  53  4:09  Evolution Chamber  
  51  4:10  Baneling x3  
  51  4:14  Zergling x8  
  49  4:27  Zergling x2  
  49  4:28  Zergling x8  
  49  4:29  Queen  
  56  4:32  Overlord  
  56  4:35  Baneling x2  
  56  4:41  Drone x2  
  56  4:43  Drone  
  56  4:44  Zerg Missile Weapons Level 1, Extractor  
  56  4:50  Drone x2  
  58  4:57  Drone x3  
  58  4:59  Overlord  
  61  5:04  Roach Warren  
  59  5:08  Zergling x8  
  59  5:13  Zergling x2  
  64  5:17  Overlord  
  64  5:21  Zergling x8  
  65  5:23  Zergling x2  
  65  5:27  Baneling x6  
  65  5:28  Zergling x8  
  70  5:33  Zergling x4  
  70  5:34  Baneling x3  
  74  5:38  Zergling x2  
  68  5:43  Zergling x4  
  68  5:46  Zergling x2  
  68  5:47  Zergling x4  
  66  5:51  Baneling  
  66  5:52  Baneling  
  61  5:58  Zergling x16  
Tags
 
Add a new tag
Caveats
  • Supply blocks, unpowered buildings, or Contaminate may cause inaccurate times.
  • Supply counts are checked every 10 seconds.